 Dungeon Crawl Stone Soup version 0.29.1-15-g9cfb28693d (webtiles) character file.

Game seed: 2093353603045642363

20765 McKennaii the Geomancer (level 12, -5/81 HPs)
             Began as a Demigod Earth Elementalist on Mar 2, 2023.
             Slain by a minotaur
             ... wielding the +9 trident of Wisdom {speed, *Corrode Drain rElec rF++}
              (28 damage)
             ... in a Gauntlet.
             The game lasted 00:31:56 (17889 turns).

McKennaii the Geomancer (DgEE)                     Turns: 17889, Time: 00:31:56

Health: -5/81      AC: 20    Str:  9    XL:     12   Next: 19%
Magic:  13/33      EV:  8    Int: 39    God:
Gold:   420        SH:  0    Dex: 14    Spells: 31/35 levels left

rFire   + . .      SeeInvis .   p - +4 quarterstaff (chaos)
rCold   . . .      Faith    .   (shield currently unavailable)
rNeg    + . .      Spirit   .   L - +6 scale mail "Taupn" {rPois rN+}
rPois   +          Reflect  .   i - +0 helmet
rElec   .          Harm     .   F - +2 cloak {Stlth+}
rCorr   .          Rampage  .   (no gloves)
Will    +....      NoTele   +   K - +2 pair of boots {Fly}
Stlth   ++........              u - amulet of the acrobat
HPRegen 0.23/turn               n - ring of protection from fire
MPRegen 0.23/turn               G - +6 ring of intelligence

@: flying
A: high MP 1, forlorn, divine attributes, sense surroundings 1
a: no special abilities


You were in a Gauntlet.
You visited 1 branch of the dungeon, and saw 12 of its levels.
You visited 1 bazaar.
You also visited: Sewer, Bailey and Gauntlet.

You collected 1636 gold pieces.
You spent 1216 gold pieces at shops.

Inventory:

Hand Weapons
 p - a +4 quarterstaff of chaos (weapon)
Missiles
 x - a throwing net
Armour
 i - a +0 helmet (worn)
 F - a +2 cloak of stealth (worn)
 I - +1 steam dragon scales
 K - a +2 pair of boots of flying (worn)
 L - the +6 scale mail "Taupn" (worn) {rPois rN+}
   (You bought it in a shop on level 10 of the Dungeon)

   rPois:     It protects you from poison.
   rN:        It protects you from negative energy.
Jewellery
 n - a ring of protection from fire (left hand)
 u - an amulet of the acrobat (around neck)
 G - a +6 ring of intelligence (right hand)
 J - the ring of the Castellan {Wiz Fly rF+ rN+ Str-5 Dex+4}
   (You found it in a Gauntlet)

   [ring of wizardry]

   It improves your spell success rate.
   Str:       It affects your strength (-5).
   Dex:       It affects your dexterity (+4).
   rF:        It protects you from fire.
   rN:        It protects you from negative energy.
   Fly:       It grants you flight.
Wands
 k - a wand of roots (9)
 o - a wand of flame (28)
 E - a wand of paralysis (7)
Scrolls
 d - a scroll of teleportation
 e - 3 scrolls of amnesia
 j - 2 scrolls of vulnerability
 l - a scroll of poison
 m - a scroll of immolation {unknown}
 q - a scroll of torment
 s - 6 scrolls of blinking
 w - 5 scrolls of identify
 y - a scroll of magic mapping
 D - a scroll of butterflies
 H - 2 scrolls of fear {unknown}
Potions
 a - 6 potions of heal wounds
 b - 4 potions of magic
 c - 3 potions of lignification {unknown}
 f - 10 potions of curing
 g - 2 potions of might {unknown}
 h - 4 potions of attraction {unknown}
 r - a potion of berserk rage {unknown}
 t - 2 potions of cancellation {unknown}
 v - 5 potions of flight
 z - 3 potions of haste {unknown}
 A - 2 potions of resistance
 B - 3 potions of brilliance {unknown}
 C - a potion of experience {unknown}
 M - a potion of invisibility {unknown}


   Skills:
 + Level 4.7 Armour
 - Level 1.7 Dodging
 - Level 1.7 Stealth
 + Level 12.2 Spellcasting
 + Level 4.7 Conjurations
 - Level 0.8 Transmutations
 - Level 12.5 Earth Magic


You had 31 spell levels left.
You knew the following spells:

 Your Spells              Type           Power      Damage    Failure   Level
a - Sandblast             Erth           100%       2d20      1%          1
b - Stone Arrow           Conj/Erth      100%       3d13      1%          3

Your spell library contained the following spells:

 Spells                   Type           Power      Damage    Failure   Level
 Passwall                 Tmut/Erth      55%        N/A       1%          2
 Foxfire                  Conj/Fire      100%       2x1d9     3%          1
 Petrify                  Tmut/Erth      66%        N/A       6%          4
 Sting                    Tmut/Pois      100%       1d8       9%          1
 Conjure Flame            Conj/Fire      42%        6-21      12%         3
 Blink                    Tloc           46%        N/A       16%         2
 Ensorcelled Hibernation  Hex/Ice        46%        N/A       16%         2
 Gell's Gravitas          Tloc           23%        N/A       30%         3
 Inner Flame              Hex/Fire       23%        N/A       30%         3
 Lesser Beckoning         Tloc           23%        N/A       30%         3
 Swiftness                Air            23%        N/A       30%         3
 Teleport Other           Tloc           23%        N/A       30%         3
 Flame Wave               Conj/Fire      42%        2d11      36%         4
 Corpse Rot               Necr/Pois/Air  23%        N/A       71%         4
 Freezing Cloud           Conj/Ice/Air   18%        6-21      83%         5
 Agony                    Necr           23%        N/A       96%         5
 Manifold Assault         Tloc           23%        N/A       96%         5
 Death Channel            Necr           11%        N/A       100%        6
 Simulacrum               Ice/Necr       11%        N/A       100%        6
 Polar Vortex             Ice            11%        N/A       100%        9


Dungeon Overview and Level Annotations

Branches:
Dungeon (12/15)            Temple (0/1) D:7            Lair (0/5) D:8
    Orc (0/2) D:9           Sewer (visited)          Bailey (visited)
Gauntlet (1/1)

Shops:
D:6 [*   D:10 *[*((

Annotations:
D:8 3 runed translucent doors, vampirul's ghost, novice MiBe Gauntlet 10 transporters, exclusion: lightning spire


Innate Abilities, Weirdness & Mutations

You have an increased reservoir of magic. (+10% MP)
You shall have no god before yourself.
Your divine heritage dramatically boosts your attributes as you level up.
You passively map a small area around you.


Message History

Casting: Stone Arrow (safe; 1% risk of failure)
Confirm with . or Enter, or press ? or * to list all spells.
Aiming: Stone Arrow (safe; 1% risk of failure)
Press: ? - help, Shift-Dir - straight line, f/p - minotaur
Aim: a minotaur, wielding the +9 trident of Wisdom {speed, *Corrode Drain rElec rF++}, wearing a +0 plate armour, wearing a ring of fire and quivering silver javelins (lightly wounded, 89% to hit)
The stone arrow hits the minotaur!!
The minotaur is heavily wounded.
The minotaur throws a silver javelin.
The silver javelin pierces through you. The silver sears you!
Casting: Stone Arrow (safe; 1% risk of failure)
Confirm with . or Enter, or press ? or * to list all spells.
Aiming: Stone Arrow (safe; 1% risk of failure)
Press: ? - help, Shift-Dir - straight line, f/p - minotaur
Aim: a minotaur, wielding the +9 trident of Wisdom {speed, *Corrode Drain rElec rF++}, wearing a +0 plate armour, wearing a ring of fire and quivering silver javelins (heavily wounded, 89% to hit)
The stone arrow hits the minotaur!!
The minotaur is severely wounded.
The minotaur hits you from afar with the +9 trident of Wisdom {speed, *Corrode Drain rElec rF++}!
The minotaur throws a silver javelin.
The silver javelin pierces through you!!
The silver sears you!
Casting: Stone Arrow (safe; 1% risk of failure)
Confirm with . or Enter, or press ? or * to list all spells.
Aiming: Stone Arrow (safe; 1% risk of failure)
Press: ? - help, Shift-Dir - straight line, f/p - minotaur
Aim: a minotaur, wielding the +9 trident of Wisdom {speed, *Corrode Drain rElec rF++}, wearing a +0 plate armour, wearing a ring of fire and quivering silver javelins (severely wounded, 89% to hit)
The stone arrow misses the minotaur.
The stone arrow hits the minotaur zombie!
The minotaur zombie is lightly damaged.
The minotaur throws a silver javelin.
The silver javelin pierces through you! The silver sears you!
* * * LOW HITPOINT WARNING * * *
Casting: Stone Arrow (safe; 1% risk of failure)
Confirm with . or Enter, or press ? or * to list all spells.
Aiming: Stone Arrow (safe; 1% risk of failure)
Press: ? - help, Shift-Dir - straight line, f/p - minotaur
Aim: a minotaur, wielding the +9 trident of Wisdom {speed, *Corrode Drain rElec rF++}, wearing a +0 plate armour, wearing a ring of fire and quivering silver javelins (severely wounded, 89% to hit)
The stone arrow hits the minotaur!
The minotaur is almost dead.
The minotaur hits you from afar with the +9 trident of Wisdom {speed, *Corrode Drain rElec rF++}!!
You die...

* ##'### #.⌠.. #...⌠ * , ⌠.. *
*.Z∩ *#H# * #######'#######
#......@......# #.###.###.###.#
...........# #.###.###.###
##.###.###.#####
,..............≈# ### *
8.8.8.8.8.8.8.8# ### #8#
*~..............§≈# #8#
##########.#########.##########


You could see a minotaur and a minotaur zombie.

Vanquished Creatures
  A green death (Gauntlet)
  A hydra (D:11)
  4 two-headed ogres
  4 death yaks
  2 ugly things
  A cyclops (D:9)
  2 gargoyles
  2 orange demons (Gauntlet)
  Maggie (D:8)
  An unseen horror (D:10)
  A komodo dragon (D:11)
  The ghost of burchardtist the Ruffian, an amateur TrBe of Trog (D:4)
  A troll (D:10)
  A hornet (D:11)
  4 flying skulls (Gauntlet)
  3 shadows (Gauntlet)
  A wyvern (D:9)
  22 yaks
  3 wraiths
  2 vampire mosquitoes (D:11)
  3 steam dragons
  2 wargs (D:9)
  An acid dragon (D:10)
  A water moccasin (D:6)
  Duvessa (D:7)
  Pargi (Sewer)
  7 orc warriors
  2 black bears
  An ice beast (D:6)
  A sky beast (D:6)
  2 centaurs
  3 kobold brigands
  4 bullfrogs
  2 gnoll sergeants (D:8)
  2 necrophages
  4 scorpions
  13 wights
  Dowan (D:7)
  16 killer bees
  2 howler monkeys (D:7)
  7 orc priests
  2 hounds (D:6)
  3 jellies
  Crazy Yiuf (D:3)
  2 gnoll boudas
  3 iguanas
  Terence (D:3)
  12 orc wizards
  Robin (D:3)
  27 gnolls
  4 adders
  2 shadow imps (D:7)
  A white imp (D:8)
  3 ufetubi
  A worm (D:2)
  3 dart slugs
  45 orcs
  8 endoplasms
  A giant cockroach (D:3)
  16 goblins
  12 hobgoblins
  4 jackals
  31 kobolds
  7 quokkas
  14 ball pythons
  9 bats
  7 frilled lizards
  9 rats
363 creatures vanquished.

Vanquished Creatures (others)
  5 demonic plants (Gauntlet)
5 creatures vanquished.

Grand Total: 368 creatures vanquished

Notes
Turn   | Place    | Note
-------+----------+-------------------------------------------
     0 | D:1      | McKennaii the Demigod Earth Elementalist began the quest
                  | for the Orb.
     0 | D:1      | Reached XP level 1. HP: 14/14 MP: 5/5
    46 | D:1      | Reached XP level 2. HP: 14/20 MP: 0/7
  1276 | D:1      | Reached XP level 3. HP: 22/26 MP: 5/9
  3066 | D:3      | Noticed Robin
  3323 | D:2      | Reached XP level 4. HP: 29/33 MP: 8/11
  3375 | D:3      | Noticed Terence
  3472 | D:3      | Killed Robin
  3692 | D:3      | Learned a level 3 spell: Stone Arrow
  3938 | D:3      | Killed Terence
  3939 | D:3      | Reached XP level 5. HP: 38/38 MP: 4/13
  4940 | D:3      | Found a runed translucent door.
  4941 | D:3      | Noticed Crazy Yiuf
  4947 | D:3      | Killed Crazy Yiuf
  5207 | D:4      | Found a runed translucent gate.
  5209 | D:4      | Found a runed translucent gate.
  5210 | D:4      | Found a runed translucent gate.
  5211 | D:4      | Noticed burchardtist's ghost (amateur TrBe)
  5231 | D:4      | Reached skill level 5 in Earth Magic
  5231 | D:4      | Reached XP level 6. HP: 32/45 MP: 11/15
  5952 | D:5      | Entered Level 5 of the Dungeon
  6041 | D:5      | Noticed a yak
  6041 | D:5      | Noticed a yak
  6047 | D:5      | Noticed a yak
  6048 | D:5      | Noticed a yak
  6049 | D:5      | Killed a yak
  6050 | D:5      | Reached skill level 5 in Spellcasting
  6050 | D:5      | Reached XP level 7. HP: 50/50 MP: 4/18
  6050 | D:5      | Noticed a yak
  6179 | D:5      | Killed a yak
  6270 | D:4      | Killed a yak
  7021 | D:5      | Noticed a two-headed ogre
  7071 | D:5      | Killed a two-headed ogre
  7072 | D:5      | Reached XP level 8. HP: 23/57 MP: 2/22
  7918 | D:4      | Killed burchardtist's ghost
  8208 | D:6      | Reached XP level 9. HP: 62/62 MP: 13/24
  8277 | D:6      | Found a glowing drain.
  8396 | Sewer    | Entered a sewer
  8463 | Sewer    | Noticed Pargi
  8468 | Sewer    | Killed Pargi
  8665 | Sewer    | Gained mutation: You are occasionally teleported next to
                  | monsters. [potion of mutation]
  8665 | Sewer    | Gained mutation: You are frail. (-10% HP) [potion of
                  | mutation]
  8666 | Sewer    | Lost mutation: You are frail. (-10% HP) [potion of
                  | mutation]
  8666 | Sewer    | Lost mutation: You are occasionally teleported next to
                  | monsters. [potion of mutation]
  8666 | Sewer    | Gained mutation: You passively map a small area around you.
                  | [potion of mutation]
  8918 | D:6      | Identified the +2 robe of Wisdom {rElec Regen+ Str-2}
  9132 | D:6      | Found Gonat's Armour Shoppe.
  9283 | D:6      | Found Tinnusue's General Store.
  9286 | D:6      | Bought a +2 cloak of stealth for 301 gold pieces
 10063 | D:7      | Found a staircase to the Ecumenical Temple.
 10410 | D:7      | Reached skill level 10 in Earth Magic
 10554 | D:7      | Noticed Duvessa
 10558 | D:7      | Killed Duvessa
 10624 | D:7      | Noticed Dowan
 10627 | D:7      | Killed Dowan
 10712 | D:8      | Noticed Maggie
 10753 | D:8      | Killed Maggie
 10754 | D:8      | Reached XP level 10. HP: 65/69 MP: 11/27
 11040 | D:8      | Found a flagged portal.
 11049 | Bailey   | Entered a bailey
 11393 | Bailey   | Got the Dissertation on Doomed Pollution
 11778 | D:8      | Noticed a death yak
 11778 | D:8      | Noticed a death yak
 11870 | D:8      | Killed a death yak
 11871 | D:8      | Reached skill level 10 in Spellcasting
 12080 | D:8      | Found a runed translucent gate.
 12080 | D:8      | Found a runed translucent gate.
 12080 | D:8      | Found a runed translucent gate.
 12152 | D:8      | Noticed vampirul's ghost (novice MiBe)
 12187 | D:8      | Noticed a death yak
 12190 | D:8      | Noticed a death yak
 12215 | D:7      | Killed a death yak
 12341 | D:7      | Killed a death yak
 12439 | D:8      | Killed a death yak
 12512 | D:8      | Found a staircase to the Lair.
 12872 | D:9      | Noticed a two-headed ogre
 12879 | D:9      | Killed a two-headed ogre
 12880 | D:9      | Reached XP level 11. HP: 74/74 MP: 17/30
 13080 | D:9      | Noticed a two-headed ogre
 13203 | D:9      | Killed a two-headed ogre
 13684 | D:9      | Found a staircase to the Orcish Mines.
 14050 | D:10     | Entered Level 10 of the Dungeon
 14231 | D:10     | Found Raiq's Weapon Emporium.
 14541 | D:10     | Found Tipsugecw's Assorted Antiques.
 14549 | D:10     | Bought a coppery potion for 22 gold pieces
 14549 | D:10     | Bought a pair of glowing boots for 187 gold pieces
 14549 | D:10     | Bought a potion of heal wounds for 125 gold pieces
 14556 | D:10     | Found Suuc's Antique Armour Shoppe.
 14564 | D:10     | Bought a steaming scale mail for 135 gold pieces
 14564 | D:10     | Identified the +6 scale mail "Taupn" {rPois rN+} (You
                  | bought it in a shop on level 10 of the Dungeon)
 14666 | D:10     | Found the -2 hat of the Alchemist {rElec rPois rF+ rC+ rN+
                  | Will+ rMut rCorr}
 14712 | D:10     | Reached skill level 1 in Armour
 14712 | D:10     | Reached skill level 1 in Conjurations
 15045 | D:10     | Found Gerat's Assorted Antiques.
 15050 | D:10     | Bought a white potion for 32 gold pieces
 15102 | D:10     | Found Egixt's Weapon Emporium.
 15561 | D:11     | Noticed an eight-headed hydra
 15566 | D:11     | Killed an eight-headed hydra
 16101 | D:11     | Noticed a two-headed ogre
 16491 | D:11     | Killed a two-headed ogre
 16496 | D:11     | Reached XP level 12. HP: 38/81 MP: 2/32
 16787 | D:12     | Found a flickering gateway to a bazaar.
 16796 | Bazaar   | Entered a bazaar
 16808 | Bazaar   | Found Lesavy's Weapon Shop.
 16808 | Bazaar   | Found Onip's Jewellery Boutique.
 16827 | Bazaar   | Found Qiqodes's Book Shop.
 16840 | Bazaar   | Found Wuroghux's Armour Boutique.
 16860 | Bazaar   | Bought a book of Ice for 414 gold pieces
 16884 | D:12     | Found a gate leading to a gauntlet.
 16893 | Gauntlet | Entered a Gauntlet
 16893 | Gauntlet | Found a transporter.
 16893 | Gauntlet | Found a transporter.
 16898 | Gauntlet | Found a transporter.
 16913 | Gauntlet | Found a transporter.
 16927 | Gauntlet | Found a transporter.
 16940 | Gauntlet | Found a transporter.
 16943 | Gauntlet | Noticed a green death
 16959 | Gauntlet | Found a transporter.
 17025 | Gauntlet | Found a transporter.
 17040 | Gauntlet | Found a transporter.
 17054 | Gauntlet | Found a transporter.
 17067 | Gauntlet | Found a transporter.
 17159 | Gauntlet | Found a transporter.
 17166 | Gauntlet | Noticed a catoblepas
 17175 | Gauntlet | Found a transporter.
 17179 | Gauntlet | Found a transporter.
 17180 | Gauntlet | Found a transporter.
 17203 | Gauntlet | Found a transporter.
 17442 | Gauntlet | Identified the +5 halberd "Sehil" {venom, rN+ Int-5 Stlth+}
 17716 | Gauntlet | Killed a green death
 17740 | Gauntlet | Identified the ring of the Castellan {Wiz Fly rF+ rN+ Str-5
                  | Dex+4}
 17882 | Gauntlet | Identified the +9 trident of Wisdom {speed, *Corrode Drain
                  | rElec rF++}
 17882 | Gauntlet | Noticed a minotaur
 17889 | Gauntlet | Slain by a minotaur

Illustrated notes

Levels and vault maps discovered:
D:1:      dpeg_arrival_rhombus, layout_loops_corners, st_stairs_13
D:2:      layout_loops_ring, nicolae_elevator_lobby_plus
D:3:      layout_basic, lemuel_crystal_altar, uniq_crazy_yiuf_cottage,
          uniq_robin, uniq_terence
D:4:      layout_basic, gammafunk_ghost_split, minmay_fractal_squares_gapless_5
D:5:      layout_cave_pods, nicolae_vehumet_altar_sigil
D:6:      layout_rooms, grunt_temple_overflow_open, serial_shops, shop, shop,
          portal_sewer_entry_a
D:7:      layout_basic, nemelex_diamond_rough_becter,
          minmay_temple_entry_junction, serial_curves, eino_curves_04,
          eino_curves_04, uniq_duvessa
D:8:      layout_cave_pools, mainiacjoe_overflow_chevrons,
          gammafunk_temple_overflow_wave, dpeg_lair_monsters,
          gammafunk_ghost_necromancy, enter_bailey_6, uniq_maggie
D:9:      layout_basic, erik_orc_4, minmay_misc_feat_nine_boxes
D:10:     layout_rooms, serial_shops, nicolae_shop_bloodbath_and_beyond,
          nicolae_shop_hallway_stairs, nicolae_diamond_shop, nicolae_shop_stone,
          shop
D:11:     layout_gridville
D:12:     layout_stronghold, serial_shops, bzr_entry_lakeside,
          gauntlet_entry_generic, gammafunk_ghost_smash
Gauntlet: gammafunk_gauntlet_branching [nicolae_gauntlet_arena_t_cross,
          nicolae_gauntlet_arena_x, nicolae_gauntlet_arena_flowing_pool,
          gammafunk_gauntlet_arena_split_x, nicolae_gauntlet_arena_quarters,
          gammafunk_gauntlet_arena_spirals, gammafunk_gauntlet_arena_chambers,
          gammafunk_gauntlet_arena_mazey, gauntlet_exit_hidden_loot]

Skill      XL: |  1  2  3  4  5  6  7  8  9 10 11 12 |
---------------+-------------------------------------+-----
Spellcasting   | 2 3 4 5 6 7 9 10 12 | 12.2
Earth Magic    | 3 4 5 6 7 8 10 11 12 | 12.5
Armour         | 3 4 |  4.7
Conjurations   | 4 |  4.7
Dodging        | |  1.7
Stealth        | |  1.7
Transmutations | |  0.8

Action                   |  1- 3 |  4- 6 |  7- 9 | 10-12 || total
-------------------------+-------+-------+-------+-------++-------
Melee: Unarmed           |    21 |     9 |       |       ||    30
       Quarterstaff      |       |     4 |    30 |    48 ||    82
 Cast: Sandblast         |    70 |   113 |   117 |   163 ||   463
       Stone Arrow       |       |     8 |    77 |   184 ||   269
Evoke: Wand              |       |       |     1 |    15 ||    16
  Use: Scroll            |       |     5 |     5 |     7 ||    17
       Potion            |       |       |     4 |       ||     4
Armor: Robe              |    24 |    25 |     6 |       ||    55
       Troll leather arm |       |       |    43 |       ||    43
       Steam dragon scal |       |       |       |    34 ||    34
       Scale mail        |       |       |       |   107 ||   107
Dodge: Dodged            |    47 |    53 |   100 |   131 ||   331
